 Dungeon Crawl Stone Soup version 0.26-a0-43-g20b394cb32 (webtiles) character file.

Game seed: 14823401514508836570

655 MarredHen the Caller (level 7, -7/44 HPs)
             Began as a Tengu Summoner on June 3, 2020.
             Was an Initiate of Makhleb.
             Mangled by Maggie
             ... wielding a +0 halberd of flaming
              (9 damage)
             ... on level 6 of the Dungeon.
             The game lasted 00:21:32 (7485 turns).

MarredHen the Caller (Tengu Summoner)               Turns: 7485, Time: 00:21:33

Health: -7/44      AC:  6    Str:  9    XL:     7   Next: 54%
Magic:  6/14       EV: 13    Int: 17    God:    Makhleb [......]
Gold:   46         SH:  0    Dex: 14    Spells: 11/14 levels left

rFire    + . .     SeeInvis .   y - +2 dire flail (vorpal)
rCold    . . .     Gourm    .   (shield currently unavailable)
rNeg     + . .     Faith    .   g - +0 leather armour {rF+}
rPois    .         Spirit   .   (helmet restricted)
rElec    .         Reflect  .   f - +0 cloak
rCorr    .         Harm     .   (no gloves)
MR       +....                  (boots unavailable)
Stlth    ++........             (no amulet)
HPRegen  0.14/turn              i - ring of protection from magic
MPRegen  0.14/turn              m - ring of positive energy

@: lethally poisoned (-7 -> -14)
A: beak, talons 3, icy blue scales 1, robust 1, wild magic 1, able to fly
a: Fly, Renounce Religion


You were on level 6 of the Dungeon.
You worshipped Makhleb.
Makhleb was noncommittal.
You were hungry.

You visited 2 branches of the dungeon, and saw 7 of its levels.

You collected 241 gold pieces.
You spent 195 gold pieces at shops.

Inventory:

Hand Weapons
 o - a +2 short sword of speed
 y - a +2 vorpal dire flail (weapon)
Armour
 a - a +0 robe
 f - a +0 cloak (worn)
 g - a +0 leather armour of fire resistance (worn)
Jewellery
 d - a +4 ring of protection {unknown}
 e - an uncursed ring of protection from fire
 i - a ring of protection from magic (left hand)
 m - a ring of positive energy (right hand)
 u - an uncursed ring of see invisible {unknown}
Wands
 h - a wand of polymorph (7)
Scrolls
 b - a scroll of enchant armour
 j - 2 scrolls of remove curse
 k - a scroll of teleportation
 q - a scroll of immolation
 t - a scroll of blinking
 w - a scroll of holy word {unknown}
Potions
 l - 2 potions of lignification {unknown}
 r - a potion of degeneration {unknown}
 s - a potion of might {unknown}
 v - a potion of heal wounds {unknown}
 x - a potion of brilliance {unknown}
 z - a potion of stabbing {unknown}
Comestibles
 c - 12 rations


   Skills:
 + Level 2.5 Fighting
 - Level 0.3 Short Blades
 - Level 0.4 Armour
 + Level 3.9 Dodging
 + Level 3.7 Stealth
 - Level 0.2 Unarmed Combat
 + Level 4.0 Spellcasting
 + Level 6.6 Summonings
 + Level 2.0 Invocations


You had 11 spell levels left.
You knew the following spells:

 Your Spells              Type           Power        Failure   Level  Hunger
a - Summon Small Mammal   Summ           ####         2%          1    None
b - Call Imp              Summ           ####....     4%          2    ##.....

Your spell library contained the following spells:

 Spells                   Type           Power        Failure   Level  Hunger
 Call Canine Familiar     Summ           ####....     7%          3    ###....
 Summon Guardian Golem    Hex/Summ       ###.....     24%         3    ###....
 Summon Ice Beast         Ice/Summ       ###.....     58%         4    ####...
 Summon Lightning Spire   Summ/Air       ###.....     58%         4    ####...


Dungeon Overview and Level Annotations

Branches:
Dungeon (6/15)             Temple (1/1) D:4

Altars:
Ashenzari
Cheibriados
Dithmenos
Elyvilon
Fedhas
Hepliaklqana
Kikubaaqudgha
Makhleb
Nemelex Xobeh
Okawaru
Qazlal
Ru
Sif Muna
Trog
Uskayaw
Vehumet
Wu Jian
Xom
Yredelemnul
Zin
The Shining One

Shops:
D:5 *   D:6 *

Annotations:
D:6 Maggie


Innate Abilities, Weirdness & Mutations

You have a beak for a mouth.
You have claws for feet.
You can fly continuously.
You are partially covered in icy blue scales. (AC +2)
You are robust. (+10% HP)
Your spells are a little harder to cast, but a little more powerful.


Message History

Your magical contamination has completely faded away.
Blink to where?
Press: ? - help, Dir - move target cursor You cannot blink away from Maggie!
Blink to where?
Press: ? - help, Dir - move target cursor You cannot blink away from Maggie!
Blink to where?
Press: ? - help, Dir - move target cursor
There is a wall there.
Are you sure you want to cancel this blink?
Okay, then.
As you read the scroll labeled YCUIFO IMIRAM, it crumbles to dust.
It was a scroll of blinking.
You break out of your daze.
* * * LOW HITPOINT WARNING * * *
You feel sick. The worker ant barely misses you.
Your crimson imp barely misses Maggie.
Maggie hits you with a +0 halberd of flaming!
You die...

##### ....# ...# ...##
...######...#
$∩....@@'...# #######
#.....a5#...# #......
#.......#...# #......
#.......#...# #......
#.......#...######†.....
#.#+######'##...........
. #####.............#
#..............(#.#
#.........#######.#


You could see Maggie (inner flame), a worker ant (inner flame) and a friendly
crimson imp (summoned, inner flame).

Vanquished Creatures
  A black bear (D:6)
  A centaur (D:5)
  A bullfrog (D:6)
  A hound (D:5)
  An orc priest (D:5)
  A bullfrog skeleton (D:5)
  An iguana (D:6)
  A gnoll (D:2)
  5 adders
  A shadow imp (D:5)
  A dart slug (D:1)
  2 leopard geckos
  An orc (D:4)
  2 bats (D:1)
  A giant cockroach (D:1)
  2 goblins
  5 hobgoblins
  4 jackals
  5 kobolds
  A frilled lizard (D:4)
  A rat (D:2)
39 creatures vanquished.

Vanquished Creatures (collateral kills)
  3 ogres
  2 howler monkeys (D:5)
  2 hounds (D:4)
  An iguana (D:5)
  A worker ant (D:5)
  2 gnolls (D:2)
  3 oozes
  A dart slug (D:2)
  A leopard gecko (D:1)
  6 orcs
  2 giant cockroaches
  A hobgoblin (D:1)
  A jackal (D:6)
  A ball python (D:6)
  2 bats
  4 frilled lizards
  3 goblins
  4 kobolds (D:1)
  A rat (D:2)
41 creatures vanquished.

Grand Total: 80 creatures vanquished

Notes
Turn   | Place    | Note
-------+----------+-------------------------------------------
     0 | D:1      | MarredHen the Tengu Summoner began the quest for the Orb.
     0 | D:1      | Reached XP level 1. HP: 10/10 MP: 4/4
   201 | D:1      | Reached skill level 5 in Summonings
   604 | D:1      | Reached XP level 2. HP: 15/15 MP: 0/6
  1742 | D:2      | Reached XP level 3. HP: 19/19 MP: 3/7
  2414 | D:2      | Gained mutation: You are robust. (+10% HP) [potion of
                  | mutation]
  2414 | D:2      | Gained mutation: Your spells are a little harder to cast,
                  | but a little more powerful. [potion of mutation]
  2414 | D:2      | Gained mutation: You are partially covered in icy blue
                  | scales. (AC +2) [potion of mutation]
  2417 | D:2      | Reached XP level 4. HP: 3/26 MP: 2/9
  3617 | D:4      | Found a staircase to the Ecumenical Temple.
  3874 | D:4      | Noticed an ogre
  3890 | D:4      | Killed an ogre
  3890 | D:4      | Reached skill level 1 in Fighting
  3890 | D:4      | Gained mutation: You can fly continuously. [Tengu growth]
  3890 | D:4      | Reached XP level 5. HP: 31/31 MP: 3/10
  3899 | D:4      | Learned a level 2 spell: Call Imp
  4090 | Temple   | Entered the Ecumenical Temple
  4225 | Temple   | Became a worshipper of Makhleb the Destroyer
  4379 | D:4      | Reached skill level 6 in Summonings
  4595 | D:4      | Noticed an ogre
  4610 | D:4      | Killed an ogre
  5340 | D:4      | Reached XP level 6. HP: 26/37 MP: 6/12
  5451 | D:5      | Entered Level 5 of the Dungeon
  5533 | D:5      | Reached skill level 1 in Invocations
  6115 | D:5      | Reached XP level 7. HP: 4/44 MP: 7/13
  6799 | D:5      | Found Atocaetas's Assorted Antiques.
  6822 | D:5      | Bought a scroll labeled KUUDAIH RONY for 22 gold pieces
  6822 | D:5      | Bought a bubbling ruby potion for 19 gold pieces
  6822 | D:5      | Bought a runed dire flail for 154 gold pieces
  7465 | D:6      | Found Otemer's General Store.
  7465 | D:6      | Noticed Maggie
  7485 | D:6      | HP: 2/44 [poisoned by a worker ant]
  7485 | D:6      | Mangled by Maggie

Illustrated notes

Levels and vault maps discovered:
D:1:      mainiacjoe_arrival_reflecting_pool, layout_basic
D:2:      layout_basic, first_ration
D:3:      layout_loops_ring
D:4:      minmay_opposing_rooms, layout_loops_corners, minmay_temple_entry_grid
D:5:      layout_basic, serial_shops, nicolae_shop_crystal
D:6:      layout_basic, serial_shops, shop, dk_vineyard_3, dk_noncrumbling_4,
          minmay_between, uniq_blork_the_orc, uniq_menkaure, uniq_maggie
Temple:   nicolae_temple_the_god_donut

Skill      XL: |  1  2  3  4  5  6  7 |
---------------+----------------------+-----
Summonings     | 5 6 |  6.6
Spellcasting   | 3 4 |  4.0
Fighting       | 1 2 |  2.5
Dodging        | 3 |  3.9
Invocations    | 1 2 |  2.0
Stealth        | 3 |  3.7
Short Blades   | |  0.3
Armour         | |  0.4
Unarmed Combat | |  0.2

Action                   |  1- 3 |  4- 6 |  7- 9 || total
-------------------------+-------+-------+-------++-------
Melee: Unarmed           |    25 |       |       ||    25
       Kick              |    18 |    26 |     3 ||    47
       Dagger            |    37 |    49 |       ||    86
       Peck              |     7 |    15 |     2 ||    24
       Short sword       |       |    36 |     1 ||    37
       Dire flail        |       |       |    21 ||    21
 Cast: Summon Small Mamm |    66 |   114 |    38 ||   218
       Call Imp          |       |       |     4 ||     4
  Use: Potion            |     1 |       |     1 ||     2
       Scroll            |       |     5 |     4 ||     9
 Stab: Sleeping          |     1 |       |       ||     1
       Distracted        |     1 |     3 |       ||     4
  Eat: Ration            |     2 |     2 |       ||     4
       Chunk             |     1 |     3 |     3 ||     7
Armor: Robe              |     2 |       |       ||     2
       Leather armour    |    19 |    32 |     7 ||    58
Dodge: Dodged            |    53 |    73 |    39 ||   165

Table legend:
 A = Non-vault XP
 B = Vault XP
 C = Vault XP percentage of total XP
 D = Non-vault monster count
 E = Vault monster count
 F = Vault count percentage of total count
                 A         B        C        D         E       F
            +---------+---------+-------+---------+---------+-------
      Total |     867 |      69 |   7.4 |      75 |       5 |   6.2
            +---------+---------+-------+---------+---------+-------
        D:1 |      32 |       0 |   0.0 |      20 |       0 |   0.0
        D:2 |      79 |       0 |   0.0 |      19 |       0 |   0.0
        D:3 |      21 |       0 |   0.0 |       5 |       0 |   0.0
        D:4 |     138 |      69 |  33.3 |      11 |       5 |  31.2
        D:5 |     413 |       0 |   0.0 |      14 |       0 |   0.0
        D:6 |     184 |       0 |   0.0 |       6 |       0 |   0.0
            +---------+---------+-------+---------+---------+-------
